 Dungeon Crawl Stone Soup version 0.31-a0-233-g139696dc86 (webtiles) character file.

Game seed: 10977510521135285985

103 qw the Shooter (level 4, 0/26 HPs)
             Began as a Gargoyle Hexslinger on July 8, 2023.
             Slain by a hobgoblin (3 damage)
             ... led by Robin
             ... on level 3 of the Dungeon.
             The game lasted 00:00:41 (1468 turns).

qw the Shooter (Gargoyle Hexslinger)                Turns: 1468, Time: 00:00:42

Health: 0/26       AC:  8    Str: 17    XL:     4   Next: 79%
Magic:  5/5        EV: 11    Int: 14    God:
Gold:   134        SH:  0    Dex: 14    Spells: 4/5 levels left

rFire   . . .        Y - +1 sling
rCold   . . .        (no shield)
rNeg    + . .        e - +0 ring mail
rPois   inf          (no helmet)
rElec   +            (no cloak)
rCorr   .            (no gloves)
SInv    .            (no boots)
Will    .....        (no amulet)
Stlth   +            d - +6 ring of strength
HPRegen 0.24/turn    (no ring)
MPRegen 0.09/turn

%: no passive effects
@: no status effects
A: sickness immunity, AC +3, negative energy resistance 1, electricity
resistance, torment resistance 1, petrification resistance
a: no special abilities


You were on level 3 of the Dungeon.
You visited 1 branch of the dungeon, and saw 3 of its levels.

You collected 134 gold pieces.


Innate Abilities, Weirdness & Mutations

You are immune to sickness and miasma.
Your stone body is resilient. (AC +3)
You are immune to poison.
You resist negative energy. (rN+)
You are resistant to electric shocks. (rElec)
You are resistant to unholy torment.
You are immune to petrification.


   Skills:
 - Level 2.2 Fighting
 + Level 4.2 Ranged Weapons
 - Level 1.0 Armour
 - Level 1.5 Dodging
 - Level 1.0 Spellcasting
 - Level 2.6 Hexes


You had 4 spell levels left.
You knew the following spells:

 Your Spells              Type           Power      Damage    Failure   Level
a - Slow                  Hex            32%        N/A       16%         1

Your spell library contained the following spells:

 Spells                   Type           Power      Damage    Failure   Level
 Inner Flame              Hex/Fire       4%         N/A       63%         3
 Portal Projectile        Hex/Tloc       8%         N/A       63%         3
 Cause Fear               Hex            4%         N/A       85%         4

Inventory:

Hand Weapons
 Y - a +1 sling (weapon)
Armour
 e - a +0 ring mail (worn)
Jewellery
 c - a ring of magical power
 d - a +6 ring of strength (left hand)
Scrolls
 a - 3 scrolls of identify {unknown}
Potions
 b - 2 potions of might {unknown}
 f - a potion of brilliance {unknown}

Dungeon Overview and Level Annotations

Branches:
Dungeon (3/15)

Altars:

Annotations:
D:3 Robin


Message History

The goblin closely misses you. The goblin hits you but does no damage.
You shoot a sling bullet. The sling bullet hits the goblin!
You kill the goblin!
The goblin hits you but does no damage. x2
The goblin hits you with a +0 dagger.
You shoot a sling bullet. The sling bullet hits the goblin.
The goblin is severely wounded.
The goblin hits you but does no damage. The goblin hits you with a +0 dagger.
The goblin misses you.
You shoot a sling bullet.
The sling bullet closely misses the goblin.
The goblin hits you with a +0 club. The goblin barely misses you. x2
The goblin hits you but does no damage. The goblin hits you with a +0 dagger.
The goblin barely misses you.
You shoot a sling bullet.
The sling bullet barely misses the goblin.
The goblin hits you but does no damage. The goblin barely misses you.
The goblin hits you with a +0 dagger.
You shoot a sling bullet. The sling bullet hits the goblin.
You kill the goblin!
The goblin hits you with a +0 dagger. The goblin hits you but does no damage.
You shoot a sling bullet. The sling bullet hits the goblin.
The goblin is severely wounded.
The goblin no longer looks unusually strong.
The hobgoblin no longer looks unusually strong.
The goblin hits you but does no damage. Robin throws the goblin at you!
The goblin barely misses you. x2; The goblin closely misses you.
The goblin hits you but does no damage.
You shoot a sling bullet. The sling bullet hits the goblin.
You kill the goblin!
The goblin closely misses you. The goblin hits you with a +0 dagger.
You shoot a sling bullet.
The sling bullet closely misses the goblin.
The goblin hits you but does no damage. x2
You shoot a sling bullet. The sling bullet hits the goblin!
You kill the goblin!
You shoot a sling bullet.
The sling bullet closely misses the goblin.
The goblin barely misses you. The hobgoblin hits you.
You die...

................########
#.........####..#.......
#.............#.#.......
............#.#.#.......
#..####..##.............
#...###..##.............
#...........##.........
##.###.................
#@)...[##.#.......
.....ggg)....##.#.......
....g##......##.#.......
.... #......##.###.....
### #.###### #.#...
######### #.#...
#......#.###.#...
#......#........#
##......#####.....


You could see Robin, 2 hobgoblins and a goblin.

Vanquished Creatures
  A hound (D:3)
  2 adders
  2 worms (D:2)
  3 endoplasms
  3 giant cockroaches
  8 goblins
  A hobgoblin (D:3)
  6 quokkas
  3 ball pythons
  6 bats
  6 frilled lizards
  3 kobolds
  7 rats
51 creatures vanquished.

Notes
Turn   | Place    | Note
-------+----------+-------------------------------------------
     0 | D:1      | qw the Gargoyle Hexslinger began the quest for the Orb.
     0 | D:1      | Reached XP level 1. HP: 12/12 MP: 2/2
     0 | D:1      | 0 ||| qw: Version: 0.3-a-46-gb1f654a
     0 | D:1      | 0 ||| qw: Game counter: 3520
     0 | D:1      | 0 ||| qw: Melee chars always use a shield: true
     0 | D:1      | 0 ||| qw: God list: Okawaru
     0 | D:1      | 0 ||| qw: Allow faded altars: false
     0 | D:1      | 0 ||| qw: Do Orc after clearing Dungeon:15 true
     0 | D:1      | 0 ||| qw: Do second Lair branch before Depths: true
     0 | D:1      | 0 ||| qw: Lair rune preference: random
     0 | D:1      | 0 ||| qw: Goals: Normal
     0 | D:1      | 0 ||| PLANNING D:1-11
    85 | D:1      | Reached XP level 2. HP: 16/16 MP: 3/3
   193 | D:1      | Reached skill level 3 in Ranged Weapons
   616 | D:1      | 616 ||| UPGRADING to +0 ring mail.
   626 | D:1      | 626 ||| DROPPING +0 robe.
   627 | D:1      | 627 ||| DRINKING 2 cyan potions.
   631 | D:1      | 631 ||| DROPPING scroll of poison.
   632 | D:1      | 632 ||| DROPPING potion of ambrosia.
   681 | D:2      | Reached XP level 3. HP: 21/21 MP: 4/4
   768 | D:2      | 768 ||| FLEEEEING.
   769 | D:2      | 769 ||| FLEEEEING.
   770 | D:2      | 770 ||| FLEEEEING.
   771 | D:2      | 771 ||| FLEEEEING.
   772 | D:2      | 772 ||| FLEEEEING.
   773 | D:2      | 773 ||| FLEEEEING.
  1004 | D:2      | Found a faded altar of an unknown god.
  1084 | D:2      | 1084 ||| UPGRADING to +6 ring of strength.
  1085 | D:2      | 1085 ||| READING scroll labelled GALIFUM CAY.
  1156 | D:3      | Reached skill level 4 in Ranged Weapons
  1156 | D:3      | Reached XP level 4. HP: 18/26 MP: 5/5
  1288 | D:3      | Reached skill level 1 in Armour
  1452 | D:3      | Noticed Robin
  1462 | D:3      | HP: 6/26 [goblin/+0 dagger[Robin] (2)]
  1465 | D:3      | HP: 2/26 [goblin/+0 dagger[Robin] (3)]
  1468 | D:3      | Slain by a hobgoblin

Levels and vault maps discovered:
D:1:      minmay_arrival_four_circles, layout_basic
D:2:      layout_rooms, ebering_ecumenical_altar_hall
D:3:      layout_basic, gammafunk_ghost_necromancy, grunt_ministairs_13,
          uniq_robin

Skill      XL: |  1  2  3  4 |
---------------+-------------+-----
Ranged Weapons | 3 4 |  4.2
Fighting       | 2 |  2.2
Armour         | 1 |  1.0
Dodging        | |  1.5
Spellcasting   | |  1.0
Hexes          | |  2.6

Action                     |  1- 3 |  4- 6 || total
---------------------------+-------+-------++-------
   Fire: Sling             |   121 |    43 ||   164
    Use: Potion            |     1 |       ||     1
         Scroll            |     1 |       ||     1
 Armour: Robe              |     7 |       ||     7
         Ring mail         |    22 |    24 ||    46
  Dodge: Dodged            |    32 |    32 ||    64

Table legend:
 A = Non-vault XP
 B = Vault XP
 C = Vault XP percentage of total XP
 D = Non-vault monster count
 E = Vault monster count
 F = Vault count percentage of total count
                 A         B        C        D         E       F
            +---------+---------+-------+---------+---------+-------
      Total |     119 |      29 |  19.6 |      42 |       9 |  17.6
            +---------+---------+-------+---------+---------+-------
        D:1 |      25 |       0 |   0.0 |      18 |       0 |   0.0
        D:2 |      44 |       0 |   0.0 |      18 |       0 |   0.0
        D:3 |      50 |      29 |  36.7 |       6 |       9 |  60.0
            +---------+---------+-------+---------+---------+-------
